 Dungeon Crawl Stone Soup version 0.29.1-12-g30fa7ad0bf (webtiles) character file.

Game seed: 8065595286079287839

236 mandoloar the Conjurer (level 5, -4/30 HPs)
             Began as a Deep Elf Conjurer on Dec 28, 2022.
             Slain by Crazy Yiuf
             ... wielding a +3 quarterstaff of chaos
              (11 damage)
             ... on level 3 of the Dungeon.
             The game lasted 00:12:24 (4056 turns).

mandoloar the Conjurer (Deep Elf Conjurer)          Turns: 4056, Time: 00:12:25

Health: -4/30      AC:  8    Str:  4    XL:     5   Next: 77%
Magic:  10/13      EV:  9    Int: 25    God:
Gold:   162        SH:  0    Dex: 13    Spells: 5/12 levels left

rFire   . . .      SeeInvis .   i - +2 dagger (protect)
rCold   . . .      Faith    .   (no shield)
rNeg    . . .      Spirit   .   l - +0 ring mail
rPois   .          Reflect  .   h - +1 helmet
rElec   .          Harm     .   k - +0 cloak
rCorr   .          Rampage  .   (no gloves)
Will    .....                   (no boots)
Stlth   ++........              (no amulet)
HPRegen 0.10/turn               (no ring)
MPRegen 0.13/turn               (no ring)

@: no status effects
A: no striking features
a: no special abilities


You were on level 3 of the Dungeon.
You visited 1 branch of the dungeon, and saw 3 of its levels.

You collected 162 gold pieces.

Inventory:

Hand Weapons
 i - a +2 dagger of protection (weapon)
Armour
 h - a +1 helmet (worn)
 k - a +0 cloak (worn)
 l - a +0 ring mail (worn)
Jewellery
 m - a ring of positive energy
Scrolls
 d - a scroll of poison {unknown}
 f - 3 scrolls of blinking
 n - a scroll of amnesia {unknown}
Potions
 a - 2 potions of attraction
 b - a potion of magic
 c - a potion of resistance {unknown}
 e - 5 potions of might
 g - a potion of haste {unknown}
 j - a potion of degeneration {unknown}


   Skills:
 + Level 1.7 Fighting
 + Level 4.0 Dodging
 + Level 3.9 Stealth
 + Level 4.4 Spellcasting
 + Level 5.2 Conjurations
 + Level 1.1 Hexes


You had 5 spell levels left.
You knew the following spells:

 Your Spells              Type           Power      Damage    Failure   Level
a - Magic Dart            Conj           100%       1d8       6%          1
b - Searing Ray           Conj           62%        2d6       10%         2
c - Fulminant Prism       Conj/Hex       10%        3d9       82%         4

Your spell library contained the following spells:

 Spells                   Type           Power      Damage    Failure   Level
 Dazzling Flash           Conj/Hex       42%        N/A       41%         3
 Mephitic Cloud           Conj/Pois/Air  14%        N/A       61%         3
 Call Imp                 Summ           5%         N/A       63%         2
 Iskenderun's Mystic Bla  Conj/Tloc      18%        2d6       88%         4


Dungeon Overview and Level Annotations

Branches:
Dungeon (3/15)

Altars:

Annotations:
D:3 Crazy Yiuf


Message History

The searing ray hits the fungus!
The fungus is lightly damaged.
The searing ray hits the fungus!
The fungus is lightly damaged.
You finish channelling your searing ray.
A nearby fungus withers and dies.
Casting: Searing Ray (safe; 10% risk of failure)
Confirm with . or Enter, or press ? or * to list all spells.
You can't see any susceptible monsters within range! (Use Z to cast anyway.)
Casting: Searing Ray (safe; 10% risk of failure)
Confirm with . or Enter, or press ? or * to list all spells.
Aiming: Searing Ray (safe; 10% risk of failure)
Press: ? - help, Shift-Dir - straight line, f - fungus
Aim: a fungus (lightly damaged, withering away, 100% to hit)
The searing ray hits the fungus.
The fungus is lightly damaged. (Press . to maintain the ray.)
A nearby fungus withers and dies.
Unknown command.
You start resting.
Magic restored.
Found a hammer.
Found a runed translucent door.
Crazy Yiuf shouts!
You open the door.
Casting: Searing Ray (safe; 10% risk of failure)
Confirm with . or Enter, or press ? or * to list all spells.
Aiming: Searing Ray (safe; 10% risk of failure)
Press: ? - help, Shift-Dir - straight line, f - Crazy Yiuf
Aim: Crazy Yiuf, wielding a +3 quarterstaff of chaos and wearing a +0 cloak (82% to hit)
The searing ray hits Crazy Yiuf.
Crazy Yiuf is moderately wounded. (Press . to maintain the ray.) Crazy Yiuf hits you with a +3 quarterstaff of chaos!
Ouch! That really hurt!
You are electrocuted!
* * * LOW HITPOINT WARNING * * *
The searing ray hits Crazy Yiuf.
Crazy Yiuf is heavily wounded.
Crazy Yiuf hits you with a +3 quarterstaff of chaos!
You die...

.##### #.#.## #.....#
#.#..#.#
.....#####....###.....#
#.#.#..#
......................#
#..###.#
....[##################
#.## ##. .#####
##.###.# .##
♣♣♣♣♣#####.#.## ..# ###
♣♣♣.♣.P..#...>##
.######
#...#♣..♣.♣P....##.#
..([[.#
#...g@♣♣♣♣......##.#
#####.# #)..#♣♣
♣♣....###.# #.# ###
♣♣#### #.# #.# #####.#
#.#### #.....#
#####....# ### #######
.......#####.#
.....)....##.#
....##.##.##.#


You could see Crazy Yiuf.

Vanquished Creatures
  An orc priest (D:3)
  An iguana (D:2)
  Natasha (D:3)
  Robin (D:3)
  5 adders
  3 worms
  3 dart slugs
  4 orcs (D:3)
  9 ball pythons
  4 bats
  5 endoplasms
  4 giant cockroaches
  14 goblins
  11 hobgoblins
  5 kobolds
  2 frilled lizards
  6 rats
79 creatures vanquished.

Vanquished Creatures (others)
  3 fungi (D:3)
3 creatures vanquished.

Grand Total: 82 creatures vanquished

Notes
Turn   | Place    | Note
-------+----------+-------------------------------------------
     0 | D:1      | mandoloar the Deep Elf Conjurer began the quest for the
                  | Orb.
     0 | D:1      | Reached XP level 1. HP: 10/10 MP: 6/6
   260 | D:1      | Reached XP level 2. HP: 15/15 MP: 5/8
   335 | D:1      | Learned a level 2 spell: Searing Ray
   631 | D:1      | Reached XP level 3. HP: 20/20 MP: 4/9
   686 | D:1      | Found a faded altar of an unknown god.
   968 | D:2      | Reached skill level 1 in Fighting
  1477 | D:2      | Reached XP level 4. HP: 25/25 MP: 6/11
  2079 | D:3      | HP: 1/25 [orc/+0 hand axe (7)]
  2082 | D:3      | Reached skill level 5 in Conjurations
  2082 | D:3      | Reached XP level 5. HP: 1/29 MP: 3/13
  2458 | D:3      | Learned a level 4 spell: Fulminant Prism
  2939 | D:3      | Noticed Robin
  2954 | D:3      | Killed Robin
  3797 | D:3      | Noticed Natasha
  3805 | D:3      | Killed Natasha
  3806 | D:3      | Reached skill level 1 in Hexes
  4050 | D:3      | Found a runed translucent door.
  4051 | D:3      | Noticed Crazy Yiuf
  4056 | D:3      | Slain by Crazy Yiuf

Illustrated notes

Levels and vault maps discovered:
D:1:      dpeg_arrival_pits, layout_rooms,
          hellmonk_ecumenical_altar_pennies_from_heaven
D:2:      layout_loops_ring
D:3:      layout_loops_cross, uniq_natasha, uniq_robin, uniq_crazy_yiuf_cottage

Skill      XL: |  1  2  3  4  5 |
---------------+----------------+-----
Stealth        | 3 |  3.9
Dodging        | 3 4 |  4.0
Fighting       | 1 |  1.7
Spellcasting   | 4 |  4.4
Conjurations   | 5 |  5.2
Hexes          | 1 |  1.1

Action                   |  1- 3 |  4- 6 || total
-------------------------+-------+-------++-------
Melee: Dagger            |       |     3 ||     3
       Mace              |       |     1 ||     1
 Cast: Magic Dart        |    68 |    53 ||   121
       Searing Ray       |     3 |    16 ||    19
  Use: Scroll            |       |     5 ||     5
Armor: Ring mail         |     4 |     2 ||     6
Dodge: Dodged            |     1 |    10 ||    11
